 Dungeon Crawl Stone Soup version 0.31-a0-851-g7ff8af7976 (webtiles) character file.

Game seed: 6485940656407402910

1048 randomguy2701 the Grave Robber (level 8, -1/58 HPs)
             Began as a Gnoll Wanderer on Oct 6, 2023.
             Was an Initiate of Gozag.
             Slain by Maggie
             ... wielding a +1 broad axe of flaming
              (14 damage)
             ... on level 7 of the Dungeon.
             The game lasted 00:12:56 (6100 turns).

randomguy2701 the Grave Robber (Gnoll Wanderer)     Turns: 6100, Time: 00:12:57

Health: -1/58      AC:  7    Str: 11    XL:     8   Next: 25%
Magic:  7/17       EV: 13    Int: 14    God:    Gozag
Gold:   231        SH:  5    Dex: 18    Spells: 18/19 levels left

rFire   . . .        D - +8 spear of Votemp {flame, rElec Stlth+}
rCold   . . .        d - +0 buckler
rNeg    . . .        c - +0 robe
rPois   .            (no helmet)
rElec   +            (no cloak)
rCorr   .            x - +0 pair of gloves
SInv    .            (no boots)
Will    .....        (no amulet)
Stlth   ++++         o - +6 ring of dexterity
HPRegen 0.29/turn    C - +4 ring of protection
MPRegen 0.15/turn

%: no passive effects
@: mesmerised
A: fangs 1, strong nose, distributed training
a: Renounce Religion, Potion Petition, Call Merchant, Bribe Branch


You were on level 7 of the Dungeon.
You worshipped Gozag.
Gozag was aware of your devotion.
You visited 2 branches of the dungeon, and saw 8 of its levels.

You collected 350 gold pieces.
You paid 119 gold pieces to Gozag.

Inventory:

Hand Weapons
 D - the +8 spear of Votemp (weapon) {flame, rElec Stlth+}
   (You found it on level 5 of the Dungeon)

   rElec:     It insulates you from electricity.
   Stlth+:    It makes you more stealthy.
Missiles
 p - a throwing net
Armour
 c - a +0 robe (worn)
 d - a +0 buckler (worn)
 x - a +0 pair of gloves (worn)
Jewellery
 o - a +6 ring of dexterity (left hand)
 s - a ring of willpower
 t - a ring of protection from cold
 B - a ring of protection from cold
 C - a +4 ring of protection (right hand)
Wands
 j - a wand of mindburst (7)
Scrolls
 b - a scroll of fear
 e - a scroll of blinking {unknown}
 i - 4 scrolls of teleportation {unknown}
 k - a scroll of immolation {unknown}
 l - 3 scrolls of identify {unknown}
 m - 3 scrolls of vulnerability {unknown}
 q - a scroll of enchant armour {unknown}
 r - a scroll of enchant weapon {unknown}
 u - 2 scrolls of poison {unknown}
 w - a scroll of fog {unknown}
 y - a scroll of noise {unknown}
Potions
 f - 2 potions of haste {unknown}
 g - 2 potions of invisibility {unknown}
 n - 3 potions of brilliance {unknown}
 v - 3 potions of curing {unknown}
 z - a potion of might {unknown}
 A - a potion of heal wounds {unknown}


   Skills:
 + Level 3.1 Fighting
 + Level 3.1 Short Blades
 + Level 3.1 Long Blades
 + Level 3.1 Axes
 + Level 3.1 Maces & Flails
 + Level 3.1 Polearms
 + Level 3.1 Staves
 + Level 3.1 Ranged Weapons
 + Level 3.1 Throwing
 + Level 4.1 Armour
 + Level 3.1 Dodging
 + Level 4.0 Stealth
 + Level 4.1 Shields
 + Level 3.1 Unarmed Combat
 + Level 6.0 Spellcasting
 + Level 2.5 Conjurations
 + Level 2.5 Hexes
 + Level 2.5 Summonings
 + Level 7.6 Necromancy
 + Level 2.5 Translocations
 + Level 2.5 Transmutations
 + Level 2.5 Fire Magic
 + Level 2.5 Ice Magic
 + Level 3.4 Air Magic
 + Level 2.5 Earth Magic
 + Level 2.5 Poison Magic
 + Level 3.5 Invocations
 + Level 3.1 Evocations
 + Level 2.8 Shapeshifting


You had 18 spell levels left.
You knew the following spells:

 Your Spells              Type           Power      Damage    Failure   Level
a - Necrotise             Necr           100%       1d9       1%          1

Your spell library contained the following spells:

 Spells                   Type           Power      Damage    Failure   Level
 Sublimation of Blood     Necr           25%        N/A       1%          2
 Kiss of Death            Conj/Necr      72%        2d10      2%          1
 Shock                    Conj/Air       48%        1d6       7%          1
 Poisonous Vapours        Pois/Air       24%        N/A       10%         2
 Static Discharge         Conj/Air       24%        2-3/arc   10%         2
 Swiftness                Air            13%        N/A       17%         3
 Frozen Ramparts          Ice            22%        1d4       24%         3
 Airstrike                Air            6%         2d(1-17)  50%         4
 Petrify                  Tmut/Erth      11%        N/A       61%         4
 Metabolic Englaciation   Hex/Ice        5%         N/A       91%         5


Dungeon Overview and Level Annotations

Branches:
Dungeon (7/15)             Temple (1/1) D:7

Altars:
Cheibriados
Dithmenos
Elyvilon
Gozag
Hepliaklqana
Kikubaaqudgha
Makhleb
Nemelex Xobeh
Okawaru
Qazlal
Trog
Uskayaw
Vehumet
Xom
Yredelemnul
Zin
The Shining One

Shops:
D:2 [   D:6 (**   D:7 *

Annotations:
D:4 Menkaure, Sigmund
D:7 Maggie


Innate Abilities, Weirdness & Mutations

You have very sharp teeth.
Your uncanny sense of smell can sniff out nearby items.
Your experience applies equally to all skills.


Message History

Maggie is nearby!
You can't see any susceptible monsters within range! (Use Z to cast anyway.)
You can't see any susceptible monsters within range! (Use Z to cast anyway.)
Okay, then.
Okay, then.
A sleepcap comes into view.
You can't see any susceptible monsters within range! (Use Z to cast anyway.)
You can't see any susceptible monsters within range! (Use Z to cast anyway.)
Found a scroll labelled CICASMEBEN and a fizzy amethyst potion.
Maggie writhes in agony.
Maggie barely resists.
Maggie barely resists.
Maggie writhes in agony.
Maggie writhes in agony.
Maggie mumbles some strange words.
Maggie attempts to bespell you!
You are mesmerised by Maggie!
Maggie writhes in agony.
Maggie mumbles some strange words.
Maggie draws you further into her thrall.
Maggie writhes in agony.
The sleepcap misses you.
Maggie points at you and mumbles some strange words.
The bolt of fire misses you.
Maggie writhes in agony!
The sleepcap barely misses you. Maggie hits you but does no damage.
Maggie writhes in agony!
The sleepcap closely misses you. Maggie barely misses you.
Maggie writhes in agony.
The sleepcap closely misses you. Maggie casts a spell at you.
The bolt of fire hits you!
Maggie barely resists.
The sleepcap releases spores at you!
You are engulfed in a cloud of soporific spores!
You fall asleep.
Maggie hits you with a +1 broad axe of flaming!!
You wake up.
Ouch! That really hurt!
* * * LOW HITPOINT WARNING * * *
Maggie burns you!
You die...
Your body crumbles into a pile of gold.

####.)<#
∆
####...##
##∩#....#
###'....#
∆
##....###
##...###
#...##
#..##
#.@#
#.@f#
##....
#......
#........
.........
#.......?
#..!....#


You could see Maggie (mesmerising) and a sleepcap.

Vanquished Creatures
  Grinder (D:3)
  A black bear (D:6)
  A sky beast (D:6)
  A centaur (D:5)
  A bullfrog (D:6)
  A hound (D:5)
  A jelly (D:6)
  An orc priest (D:6)
  Jessica (D:3)
  Terence (D:2)
  An orc wizard (D:5)
  2 iguanas
  9 gnolls
  9 adders
  A white imp (D:5)
  2 ufetubi
  A worm (D:2)
  14 orcs
  7 endoplasms
  7 giant cockroaches
  4 hobgoblins
  2 quokkas
  10 ball pythons
  5 bats
  4 frilled lizards (D:1)
  8 goblins
  6 kobolds
  4 rats
106 creatures vanquished.

Vanquished Creatures (collateral kills)
  A gnoll (D:3)
  2 orcs
  2 hobgoblins
  A frilled lizard (D:1)
6 creatures vanquished.

Grand Total: 112 creatures vanquished

Notes
Turn   | Place    | Note
-------+----------+-------------------------------------------
     0 | D:1      | randomguy2701 the Gnoll Wanderer began the quest for the
                  | Orb.
     0 | D:1      | randomguy2701 set off with the following items: a +0
                  | dagger, a scroll of fear, a +0 robe, a +0 buckler; and the
                  | following spells available to memorise: Necrotise,
                  | Sublimation of Blood, Kiss of Death, Poisonous Vapours,
                  | Static Discharge.
     0 | D:1      | Reached XP level 1. HP: 13/13 MP: 6/6
    38 | D:1      | Learned a level 1 spell: Necrotise
   196 | D:1      | Reached XP level 2. HP: 19/19 MP: 4/7
   733 | D:1      | Reached skill level 5 in Spellcasting
   733 | D:1      | Reached XP level 3. HP: 24/25 MP: 5/9
   987 | D:2      | Noticed Terence
  1028 | D:2      | Reached skill level 1 in Invocations
  1123 | D:2      | Killed Terence
  1124 | D:2      | Reached skill level 1 in Fighting
  1124 | D:2      | Reached skill level 1 in Short Blades
  1124 | D:2      | Reached skill level 1 in Long Blades
  1124 | D:2      | Reached skill level 1 in Axes
  1124 | D:2      | Reached skill level 1 in Maces & Flails
  1124 | D:2      | Reached skill level 1 in Polearms
  1124 | D:2      | Reached skill level 1 in Staves
  1124 | D:2      | Reached skill level 1 in Ranged Weapons
  1124 | D:2      | Reached skill level 1 in Throwing
  1124 | D:2      | Reached skill level 1 in Dodging
  1124 | D:2      | Reached skill level 1 in Unarmed Combat
  1124 | D:2      | Reached skill level 1 in Evocations
  1124 | D:2      | Reached skill level 1 in Shapeshifting
  1124 | D:2      | Reached XP level 4. HP: 28/32 MP: 1/11
  1190 | D:2      | Reached skill level 1 in Conjurations
  1190 | D:2      | Reached skill level 1 in Hexes
  1190 | D:2      | Reached skill level 1 in Summonings
  1190 | D:2      | Reached skill level 1 in Translocations
  1190 | D:2      | Reached skill level 1 in Transmutations
  1190 | D:2      | Reached skill level 1 in Fire Magic
  1190 | D:2      | Reached skill level 1 in Ice Magic
  1190 | D:2      | Reached skill level 1 in Earth Magic
  1190 | D:2      | Reached skill level 1 in Poison Magic
  1421 | D:2      | Found Enyattoir's Antique Armour Shoppe.
  1478 | D:2      | Found a faded altar of an unknown god.
  1581 | D:2      | Reached XP level 5. HP: 35/37 MP: 6/12
  2205 | D:3      | Noticed Grinder
  2206 | D:3      | Paralysed by Grinder for 5 turns
  2212 | D:3      | Paralysed by Grinder for 4 turns
  2216 | D:3      | Killed Grinder
  2217 | D:3      | Reached XP level 6. HP: 29/44 MP: 14/14
  2514 | D:3      | Found a stormy altar of Qazlal.
  3002 | D:3      | Noticed Jessica
  3004 | D:3      | Killed Jessica
  3167 | D:3      | Reached XP level 7. HP: 50/50 MP: 9/15
  3397 | D:4      | Found an iron altar of Okawaru.
  3594 | D:4      | Noticed Sigmund
  3595 | D:4      | Noticed Menkaure
  3695 | D:5      | Entered Level 5 of the Dungeon
  4534 | D:5      | Identified the +8 spear of Votemp {flame, rElec Stlth+}
  4945 | D:6      | Found a hide-covered altar of Uskayaw.
  5138 | D:6      | Reached XP level 8. HP: 57/57 MP: 10/16
  5254 | D:6      | Found Jappuden's Weapon Boutique.
  5503 | D:6      | Found Gutyipie's Fire Supplies.
  5629 | D:6      | Found a burning altar of Makhleb.
  5721 | D:6      | Found Hushruewn's Elemental Accessories.
  5860 | D:7      | Found Xotutaupa's Assorted Antiques.
  5860 | D:7      | Found a staircase to the Ecumenical Temple.
  5868 | Temple   | Found a transporter.
  5868 | Temple   | Found a transporter.
  5868 | Temple   | Found a transporter.
  5868 | Temple   | Found a transporter.
  5868 | Temple   | Entered the Ecumenical Temple
  6039 | Temple   | Became a worshipper of Gozag Ym Sagoz the Greedy
  6086 | D:7      | Noticed Maggie
  6100 | D:7      | Slain by Maggie

Illustrated notes

Levels and vault maps discovered:
D:1:      dpeg_arrival_simpleton_a, layout_loops_ring, chequers_jeans
D:2:      layout_rooms, serial_shops, nicolae_shop_hallway_plus,
          hellmonk_ecumenical_altar_lost_god,
          nicolae_concentric_dashed_squares_wild, uniq_terence
D:3:      layout_rooms, general_overflow_altar, dreamdust_princess_corridor,
          hangedman_decor_slide_cut, minmay_misc_feat_more_columns,
          kennysheep_pointless_box, chequers_serial_rivers_micro_e,
          kennysheep_small_spiral, uniq_grinder, uniq_jessica
D:4:      layout_gridville, nicolae_overflow_crystal_walls,
          mainiacjoe_overflow_surrounded_room, uniq_sigmund, uniq_menkaure
D:5:      layout_loops_ring
D:6:      layout_loops_ring, mainiacjoe_overflow_catch_the_wave, serial_shops,
          nicolae_shop_stone, amcnicky_mini_pool_small, nicolae_shop_fire_sale
          [nicolae_sub_dead_trees], nicolae_elemental_shop
D:7:      layout_layer_cave, marbit_many_paths,
          minmay_temple_entry_purple_smoke, serial_shops,
          nicolae_shop_tiny_glass, uniq_maggie
Temple:   hellmonk_temple_divided_pantheon

Skill      XL: |  1  2  3  4  5  6  7  8 |
---------------+-------------------------+-----
Air Magic      | 2 3 |  3.4
Spellcasting   | 5 6 |  6.0
Invocations    | 1 2 3 |  3.5
Fighting       | 1 2 3 |  3.1
Short Blades   | 1 2 3 |  3.1
Long Blades    | 1 2 3 |  3.1
Axes           | 1 2 3 |  3.1
Maces & Flails | 1 2 3 |  3.1
Polearms       | 1 2 3 |  3.1
Staves         | 1 2 3 |  3.1
Ranged Weapons | 1 2 3 |  3.1
Throwing       | 1 2 3 |  3.1
Dodging        | 1 2 3 |  3.1
Unarmed Combat | 1 2 3 |  3.1
Evocations     | 1 2 3 |  3.1
Shapeshifting  | 1 2 |  2.8
Conjurations   | 1 2 |  2.5
Hexes          | 1 2 |  2.5
Summonings     | 1 2 |  2.5
Translocations | 1 2 |  2.5
Transmutations | 1 2 |  2.5
Fire Magic     | 1 2 |  2.5
Ice Magic      | 1 2 |  2.5
Earth Magic    | 1 2 |  2.5
Poison Magic   | 1 2 |  2.5
Armour         | 3 4 |  4.1
Stealth        | 3 4 |  4.0
Shields        | 3 4 |  4.1
Necromancy     | |  7.6

Action                     |  1- 3 |  4- 6 |  7- 9 || total
---------------------------+-------+-------+-------++-------
  Melee: Dagger            |     9 |       |       ||     9
         Whip              |       |     7 |    12 ||    19
         Bite              |       |       |     1 ||     1
   Cast: Necrotise         |    57 |   101 |   135 ||   293
  Evoke: Wand              |       |     2 |       ||     2
 Armour: Robe              |    14 |    20 |    55 ||    89
  Dodge: Dodged            |    16 |    28 |    48 ||    92
  Block: Buckler           |     6 |    16 |    17 ||    39

Table legend: (Time is in decaauts)
 A = Elapsed time spent in this place.
 B = Non-inter-level travel time spent in this place.
 C = Inter-level travel time spent in this place.
 D = Time resting spent in this place.
 E = Time spent auto-exploring this place.
 F = Levels seen in this place.
 G = Mean time per level.
                   A        B        C        D        E       F      G
               +--------+--------+--------+--------+--------+-----+--------+
         Total |   6103 |   5720 |    383 |      0 |   4961 |   8 |  762.9 |
       Dungeon |   6065 |   5696 |    369 |      0 |   4961 |   7 |  866.4 |
        Temple |     37 |     23 |     14 |      0 |      0 |   1 |   37.0 |
               +--------+--------+--------+--------+--------+-----+--------+

Top non-repeatable levels by time:
     D:3: 1295 daAuts
     D:5: 1211 daAuts
     D:1: 1113 daAuts
     D:6: 1073 daAuts
     D:2: 880 daAuts
     D:4: 428 daAuts
     D:7: 62 daAuts
  Temple: 37 daAuts
